 Dungeon Crawl Stone Soup version 0.29.0-4-gdea44cf6ec (webtiles) character file.

Game seed: 3911947834791443575

2198 qw the Cleaver (level 9, -3/78 HPs)
             Began as a Minotaur Berserker on Sept 10, 2022.
             Was a Priest of Trog.
             Slain by a gnoll
             ... wielding a +0 halberd
             ... led by a gnoll bouda
              (5 damage)
             ... on level 7 of the Dungeon.
             The game lasted 00:02:12 (7931 turns).

qw the Cleaver (Minotaur Berserker)                 Turns: 7931, Time: 00:02:13

Health: -3/78      AC:  9    Str: 25    XL:     9   Next: 12%
Magic:  8/8        EV:  8    Int:  4    God:    Trog [***...]
Gold:   307        SH:  7    Dex: 11    Spells: 8/8 levels left

rFire   + . .      SeeInvis .   Y - +4 war axe
rCold   . . .      Faith    .   o - +2 buckler
rNeg    . . .      Spirit   .   d - +0 chain mail
rPois   +          Reflect  .   (helmet restricted)
rElec   .          Harm     .   (no cloak)
rCorr   .          Rampage  .   (no gloves)
Will    .....                   (no boots)
Stlth   ..........              (no amulet)
HPRegen 0.23/turn               g - ring of protection from fire
MPRegen 0.11/turn               l - ring of poison resistance

@: on berserk cooldown
A: horns 2, retaliatory headbutt
a: Renounce Religion, Berserk, Trog's Hand


You were on level 7 of the Dungeon.
You worshipped Trog.
Trog was most pleased with you.
You visited 1 branch of the dungeon, and saw 7 of its levels.

You collected 365 gold pieces.
You spent 58 gold pieces at shops.


Innate Abilities, Weirdness & Mutations

You have a pair of horns on your head.
You reflexively headbutt those who attack you in melee.


   Skills:
 + Level 6.6 Fighting
 - Level 12.0 Axes
 - Level 4.0 Armour
 - Level 2.1 Dodging
 - Level 5.9 Shields


You had 8 spell levels left.
You didn't know any spells.
Your spell library was empty.

Inventory:

Hand Weapons
 e - a +2 flail of protection
 Y - a +4 war axe (weapon)
Armour
 a - a +0 scale mail of fire resistance
 b - +0 swamp dragon scales
 d - a +0 chain mail (worn)
 o - a +2 buckler (worn)
Jewellery
 g - a ring of protection from fire (left hand)
 l - a ring of poison resistance (right hand)
Scrolls
 h - 2 scrolls of identify
Potions
 i - a potion of might
 k - 4 potions of curing
 m - 3 potions of mutation
 p - a potion of cancellation
 q - a potion of resistance

Dungeon Overview and Level Annotations

Branches:
Dungeon (7/15)             Temple (0/1) D:4

Altars:
Cheibriados
Dithmenos
Gozag
Hepliaklqana
Makhleb
Qazlal
Uskayaw
Vehumet

Shops:
D:3 [


Message History

The gnoll bouda barks out a call to the hunt!
The gnolls pick up the pace!
You block the gnoll's attack.
You completely miss the gnoll bouda.
The gnoll bouda hits you with a +0 whip.
The gnoll hits you from afar with a +0 spear.
You barely miss the gnoll bouda. Your headbutt misses the gnoll bouda.
The gnoll bouda hits you with a +0 whip!
The gnoll hits you but does no damage.
The gnoll bouda hits you but does no damage.
The gnoll hits you from afar with a +0 spear.
You slash the gnoll bouda!
The gnoll bouda is heavily wounded.
The gnoll bouda hits you with a +0 whip.
You block the gnoll's attack.
You barely miss the gnoll bouda.
You headbutt the gnoll bouda, but do no damage.
The gnoll bouda is heavily wounded.
The gnoll bouda hits you with a +0 whip.
The gnoll hits you from afar with a +0 spear.
You slash the gnoll bouda!
You kill the gnoll bouda!
Trog accepts your kill.
The gnoll hits you from afar with a +0 spear.
The gnoll closely misses you.
The gnoll hits you but does no damage. x2
Items here: % ))))) [[.
You hit the gnoll. Your headbutt misses the gnoll.
The gnoll is heavily wounded.
The gnoll hits you with a +0 spear. The gnoll closely misses you.
The gnoll barely misses you. You furiously retaliate!
You headbutt the gnoll! The gnoll hits you but does no damage.
You slash the gnoll!
You kill the gnoll!
Trog accepts your kill. The gnoll hits you but does no damage.
You feel yourself speed up.
The gnoll is no longer moving quickly.
The gnoll hits you but does no damage. The gnoll hits you with a +0 halberd.
You die...

###.### #.....
#...# ### ##
#####..# # ...#.
...#..###########
##.#.##
#.#.............
.....#
#.)..###########
#))####...# #
#.))@g).).# #
#)######..# #.
...# >. ##.## ###
#.# #.# .#


You could see a gnoll.

Vanquished Creatures
  Maggie (D:7)
  A troll (D:5)
  An ice beast (D:6)
  2 black bears
  3 ogres
  A necrophage (D:6)
  A bullfrog (D:6)
  A scorpion (D:4)
  3 wights (D:7)
  A howler monkey (D:7)
  2 jellies (D:5)
  2 orc priests
  2 gnoll boudas (D:7)
  3 hounds (D:6)
  2 iguanas
  6 orc wizards
  Robin (D:2)
  13 gnolls
  10 adders
  2 white imps (D:6)
  An ufetubus (D:2)
  3 dart slugs
  23 orcs
  5 ball pythons
  4 bats (D:1)
  4 endoplasms
  A giant cockroach (D:2)
  12 hobgoblins
  2 jackals (D:1)
  8 kobolds
  5 quokkas
  3 frilled lizards
  12 goblins
  2 rats (D:2)
143 creatures vanquished.

Notes
Turn   | Place    | Note
-------+----------+-------------------------------------------
     0 | D:1      | qw the Minotaur Berserker began the quest for the Orb.
     0 | D:1      | Reached XP level 1. HP: 19/19 MP: 0/0
     0 | D:1      | 0 ||| qw: Version: 0.1-a-116-g5d60599
     0 | D:1      | 0 ||| qw: Game counter: 7529
     0 | D:1      | 0 ||| qw: Always use a shield: true
     0 | D:1      | 0 ||| qw: Do Orc after D:15 true
     0 | D:1      | 0 ||| qw: Do second Lair branch before Depths: true
     0 | D:1      | 0 ||| qw: Lair rune preference: random
     0 | D:1      | 0 ||| qw: Plans: Normal
     0 | D:1      | 0 ||| PLANNING D:1-11
   271 | D:1      | Reached skill level 4 in Axes
   358 | D:1      | Reached XP level 2. HP: 22/26 MP: 1/1
   704 | D:1      | 704 ||| Stepping ~*~*~tactically~*~*~ (stealth).
   705 | D:1      | 705 ||| Stepping ~*~*~tactically~*~*~ (stealth).
   765 | D:1      | 765 ||| Stepping ~*~*~tactically~*~*~ (water).
  1033 | D:1      | 1033 ||| Stepping ~*~*~tactically~*~*~ (stealth).
  1034 | D:1      | 1034 ||| Stepping ~*~*~tactically~*~*~ (stealth).
  1280 | D:1      | 1280 ||| UPGRADING to +0 ring mail.
  1290 | D:1      | 1290 ||| DROPPING +0 animal skin.
  1291 | D:1      | 1291 ||| UPGRADING to ring of protection from fire.
  1292 | D:1      | 1292 ||| READING scroll labelled QAIRHATYCK.
  1293 | D:1      | 1293 ||| READING scroll labelled TUENENKI YTEAS.
  1294 | D:1      | 1294 ||| READING 2 scrolls labelled POROAG URAQOS.
  1295 | D:1      | 1295 ||| READING scroll labelled WIEPE VISH.
  1296 | D:1      | 1296 ||| READING scroll labelled XUOGIUDILOR.
  1297 | D:1      | 1297 ||| DRINKING 2 smoky dark potions.
  1298 | D:1      | 1298 ||| DRINKING 2 viscous amethyst potions.
  1299 | D:1      | 1299 ||| DROPPING potion of brilliance.
  1300 | D:1      | 1300 ||| DROPPING scroll of noise.
  1301 | D:1      | 1301 ||| DROPPING potion of invisibility.
  1302 | D:1      | 1302 ||| Stepping randomly (stuck).
  1303 | D:1      | 1303 ||| Stepping ~*~*~tactically~*~*~ (cloud).
  1311 | D:1      | HP: 6/26 [poisoned by you (poison gas)]
  1573 | D:2      | 1573 ||| STAIRDANCE
  1577 | D:2      | Noticed Robin
  1578 | D:2      | 1578 ||| STAIRDANCE
  1580 | D:1      | HP: 6/26 [goblin/+0 club[Robin] (5)]
  1581 | D:1      | 1581 ||| INVOKING Berserk.
  1583 | D:1      | Reached skill level 5 in Axes
  1585 | D:1      | HP: 4/39 [poisoned by a goblin]
  1587 | D:1      | HP: 1/26 [poisoned by a goblin]
  1890 | D:2      | 1890 ||| STAIRDANCE
  1891 | D:2      | Reached XP level 3. HP: 23/31 MP: 2/2
  1971 | D:2      | 1971 ||| STAIRDANCE
  1992 | D:2      | 1992 ||| STAIRDANCE
  2001 | D:2      | 2001 ||| INVOKING Berserk.
  2003 | D:2      | Killed Robin
  2053 | D:2      | 2053 ||| Stepping ~*~*~tactically~*~*~ (stealth).
  2054 | D:2      | 2054 ||| Stepping ~*~*~tactically~*~*~ (stealth).
  2268 | D:2      | Reached ** piety under Trog
  2411 | D:2      | 2411 ||| Stepping ~*~*~tactically~*~*~ (stealth).
  2412 | D:2      | 2412 ||| Stepping ~*~*~tactically~*~*~ (stealth).
  2413 | D:2      | 2413 ||| Stepping ~*~*~tactically~*~*~ (stealth).
  2414 | D:2      | 2414 ||| Stepping ~*~*~tactically~*~*~ (stealth).
  2422 | D:2      | Reached skill level 6 in Axes
  2422 | D:2      | Reached XP level 4. HP: 39/39 MP: 3/3
  2578 | D:2      | 2578 ||| SWAPPING to +0 war axe.
  2584 | D:2      | 2584 ||| DROPPING +0 hand axe.
  2677 | D:2      | Found a faded altar of an unknown god.
  2839 | D:2      | 2839 ||| UPGRADING to +0 scale mail of fire resistance.
  2849 | D:2      | 2849 ||| DROPPING +0 ring mail.
  2850 | D:2      | 2850 ||| DRINKING 2 brown potions.
  2851 | D:2      | 2851 ||| DROPPING potion of flight.
  2921 | D:3      | Found Ocsoubro's Armour Shop.
  2929 | D:3      | 2929 ||| BUYING +0 buckler (58 gold).
  2929 | D:3      | Bought a +0 buckler for 58 gold pieces
  2929 | D:3      | 2929 ||| SHOPLISTING +0 tower shield (58 gold, have 46).
  2929 | D:3      | 2929 ||| SHOPLISTING +10 plate armour of ponderousness (650
                  | gold, have 46).
  2929 | D:3      | 2929 ||| SHOPLISTING +2 chain mail of poison resistance
                  | (240 gold, have 46).
  2929 | D:3      | 2929 ||| SHOPLISTING quicksilver dragon scales "Iqyamuh"
                  | {rElec Will+ Dex+3} (1043 gold, have 46).
  2978 | D:3      | 2978 ||| Stepping ~*~*~tactically~*~*~ (stealth).
  3077 | D:3      | 3077 ||| FLEEEEING.
  3078 | D:3      | 3078 ||| FLEEEEING.
  3079 | D:3      | 3079 ||| FLEEEEING.
  3080 | D:3      | 3080 ||| FLEEEEING.
  3081 | D:3      | 3081 ||| FLEEEEING.
  3082 | D:3      | 3082 ||| FLEEEEING.
  3083 | D:3      | 3083 ||| FLEEEEING.
  3084 | D:3      | 3084 ||| FLEEEEING.
  3085 | D:3      | 3085 ||| FLEEEEING.
  3128 | D:3      | 3128 ||| DROPPING +0 whip.
  3870 | D:3      | 3870 ||| UPGRADING to +0 buckler.
  3875 | D:3      | 3875 ||| UPGRADING to +0 chain mail.
  3885 | D:3      | 3885 ||| READING scroll labelled ODAPEG FUIT.
  3886 | D:3      | 3886 ||| DRINKING 2 white potions.
  3887 | D:3      | 3887 ||| DRINKING 2 dark potions.
  3927 | D:4      | Reached skill level 1 in Shields
  4076 | D:4      | 4076 ||| Stepping ~*~*~tactically~*~*~ (stealth).
  4079 | D:4      | Reached XP level 5. HP: 45/45 MP: 4/4
  4166 | D:4      | 4166 ||| INVOKING Berserk.
  4173 | D:4      | Reached skill level 7 in Axes
  4629 | D:4      | 4629 ||| INVOKING Berserk.
  4809 | D:4      | Reached *** piety under Trog
  4887 | D:4      | Noticed a black bear
  4892 | D:4      | 4892 ||| INVOKING Berserk.
  4895 | D:4      | Killed a black bear
  4896 | D:4      | Reached XP level 6. HP: 53/53 MP: 5/5
  5068 | D:4      | Found a staircase to the Ecumenical Temple.
  5070 | D:4      | 5070 ||| DROPPING orb of mayhem.
  5071 | D:4      | 5071 ||| UPGRADING to ring of poison resistance.
  5072 | D:4      | 5072 ||| DROPPING +6 ring of intelligence.
  5073 | D:4      | 5073 ||| READING scroll labelled UGUTZOCAKH.
  5074 | D:4      | 5074 ||| DRINKING 2 sedimented yellow potions.
  5075 | D:4      | 5075 ||| READING 7 scrolls of identify.
  5075 | D:4      | 5075 ||| IDENTIFYING murky ruby potion
  5076 | D:4      | 5076 ||| READING 6 scrolls of identify.
  5076 | D:4      | 5076 ||| IDENTIFYING fuming yellow potion
  5077 | D:4      | 5077 ||| READING 5 scrolls of identify.
  5077 | D:4      | 5077 ||| IDENTIFYING grey potion
  5078 | D:4      | 5078 ||| DROPPING potion of degeneration.
  5079 | D:4      | 5079 ||| DROPPING potion of berserk rage.
  5132 | D:5      | Entered Level 5 of the Dungeon
  5135 | D:5      | Noticed a troll
  5136 | D:5      | 5136 ||| INVOKING Berserk.
  5142 | D:5      | Killed a troll
  5143 | D:5      | Reached skill level 9 in Axes
  5143 | D:5      | Reached XP level 7. HP: 34/60 MP: 6/6
  5170 | D:5      | 5170 ||| FLEEEEING.
  5173 | D:5      | 5173 ||| STAIRDANCE
  5400 | D:5      | 5400 ||| INVOKING Berserk.
  5406 | D:5      | Reached skill level 3 in Shields
  5454 | D:5      | 5454 ||| Stepping ~*~*~tactically~*~*~ (stealth).
  5457 | D:5      | 5457 ||| INVOKING Berserk.
  5738 | D:5      | 5738 ||| Stepping ~*~*~tactically~*~*~ (stealth).
  5837 | D:5      | Found a snail-covered altar of Cheibriados.
  5863 | D:5      | 5863 ||| Stepping ~*~*~tactically~*~*~ (stealth).
  5865 | D:5      | 5865 ||| Stepping ~*~*~tactically~*~*~ (stealth).
  5869 | D:5      | 5869 ||| Stepping ~*~*~tactically~*~*~ (hiding).
  5877 | D:5      | 5877 ||| INVOKING Berserk.
  5880 | D:5      | Reached skill level 3 in Armour
  5889 | D:5      | 5889 ||| Stepping ~*~*~tactically~*~*~ (stealth).
  5890 | D:5      | 5890 ||| Stepping ~*~*~tactically~*~*~ (stealth).
  5899 | D:5      | 5899 ||| Stepping ~*~*~tactically~*~*~ (stealth).
  5900 | D:5      | 5900 ||| Stepping ~*~*~tactically~*~*~ (stealth).
  5911 | D:5      | 5911 ||| Stepping ~*~*~tactically~*~*~ (stealth).
  5920 | D:5      | 5920 ||| FLEEEEING.
  5927 | D:5      | 5927 ||| FLEEEEING.
  5928 | D:5      | 5928 ||| STAIRDANCE
  5930 | D:4      | 5930 ||| UPGRADING to +2 buckler.
  5940 | D:4      | 5940 ||| DROPPING +0 buckler.
  5941 | D:4      | 5941 ||| READING scroll labelled HATEN DOTUIFIU.
  5942 | D:4      | 5942 ||| READING 5 scrolls of identify.
  5942 | D:4      | 5942 ||| IDENTIFYING emerald potion
  5943 | D:4      | 5943 ||| READING 4 scrolls of identify.
  5943 | D:4      | 5943 ||| IDENTIFYING fuming amethyst potion
  5944 | D:4      | 5944 ||| READING 3 scrolls of identify.
  5944 | D:4      | 5944 ||| IDENTIFYING viscous clear potion
  5945 | D:4      | 5945 ||| READING 2 scrolls of identify.
  5945 | D:4      | 5945 ||| IDENTIFYING orange potion
  5946 | D:4      | 5946 ||| DROPPING potion of lignification.
  5947 | D:4      | 5947 ||| DROPPING potion of magic.
  5950 | D:5      | 5950 ||| INVOKING Berserk.
  5956 | D:5      | 5956 ||| STAIRDANCE
  6288 | D:5      | 6288 ||| READING scroll labelled TYNLYN ABOA.
  6356 | D:6      | 6356 ||| Stepping ~*~*~tactically~*~*~ (stealth).
  6370 | D:6      | 6370 ||| Stepping ~*~*~tactically~*~*~ (stealth).
  6371 | D:6      | 6371 ||| Stepping ~*~*~tactically~*~*~ (stealth).
  6415 | D:6      | 6415 ||| SWAPPING to +3 war axe.
  6416 | D:6      | 6416 ||| DROPPING +0 war axe.
  6525 | D:6      | Found a radiant altar of Vehumet.
  6569 | D:6      | Found an opulent altar of Gozag.
  6571 | D:6      | Found a shadowy altar of Dithmenos.
  6624 | D:6      | Found a hide-covered altar of Uskayaw.
  6706 | D:6      | Reached skill level 10 in Axes
  6706 | D:6      | Reached XP level 8. HP: 66/68 MP: 7/7
  6803 | D:6      | 6803 ||| Stepping ~*~*~tactically~*~*~ (hiding).
  6807 | D:6      | 6807 ||| INVOKING Berserk.
  6866 | D:6      | 6866 ||| Stepping ~*~*~tactically~*~*~ (stealth).
  6871 | D:6      | 6871 ||| Stepping ~*~*~tactically~*~*~ (hiding).
  6876 | D:6      | Reached skill level 6 in Fighting
  7033 | D:6      | 7033 ||| INVOKING Berserk.
  7340 | D:6      | Found a burning altar of Makhleb.
  7340 | D:6      | Found a hazy altar of Hepliaklqana.
  7393 | D:6      | 7393 ||| READING scroll labelled ERUIFI AHUTZ.
  7394 | D:6      | 7394 ||| READING scroll labelled QAODWO PUXAURI.
  7554 | D:6      | 7554 ||| READING 3 scrolls of identify.
  7554 | D:6      | 7554 ||| IDENTIFYING sedimented silvery potion
  7555 | D:6      | 7555 ||| DROPPING potion of ambrosia.
  7589 | D:7      | Noticed Maggie
  7591 | D:7      | 7591 ||| INVOKING Berserk.
  7595 | D:7      | Reached skill level 11 in Axes
  7603 | D:7      | Killed Maggie
  7776 | D:7      | Found a stormy altar of Qazlal.
  7873 | D:7      | Reached XP level 9. HP: 75/75 MP: 8/8
  7889 | D:7      | 7889 ||| Stepping ~*~*~tactically~*~*~ (stealth).
  7894 | D:7      | 7894 ||| INVOKING Berserk.
  7901 | D:7      | Reached skill level 12 in Axes
  7916 | D:7      | HP: 15/75 [gnoll/+1 halberd of freezing[a gnoll bouda] (4)]
  7917 | D:7      | 7917 ||| DRINKING potion of heal wounds.
  7924 | D:7      | HP: 14/78 [gnoll bouda/+0 whip (10)]
  7926 | D:7      | HP: 6/78 [gnoll/+0 spear[a gnoll bouda] (1)]
  7929 | D:7      | HP: 2/78 [gnoll/+0 spear[a gnoll bouda] (4)]
  7931 | D:7      | Slain by a gnoll

Levels and vault maps discovered:
D:1:      ncdulo_smallfort, layout_basic, minivault_19,
          chequers_serial_rivers_large_a, roderic_filled_cross
D:2:      layout_loops_ring, shapermc_ecumenical_altar_acropolis,
          minmay_misc_feat_pillars, serial_bayou_lagoon_b, uniq_robin
D:3:      layout_basic, serial_shops, shop, minmay_misc_feat_rugged,
          eino_curves_01, feat_on_display
D:4:      layout_basic, temple_hall
D:5:      layout_loops_ring, cheibriados_altar_1, nrook_campfire,
          minmay_misc_feat_cross, st_stairs_14
D:6:      layout_loops_ring, old_standard_altar, minitemple,
          nicolae_vehumet_altar_sigil,
          chequers_temple_overflow_statue_of_worship, minmay_tree_intersection
D:7:      layout_basic, grunt_qazlal_sundering, serial_shops,
          nicolae_take_the_stairs, grunt_ministairs_15, uniq_pikel,
          uniq_menkaure, uniq_maggie

Skill      XL: |  1  2  3  4  5  6  7  8  9 |
---------------+----------------------------+-----
Axes           | 4 5 6 7 9 10 11 12 | 12.0
Shields        | 2 3 5 |  5.9
Fighting       | 4 5 6 |  6.6
Armour         | 3 4 |  4.0
Dodging        | |  2.1

Action                   |  1- 3 |  4- 6 |  7- 9 || total
-------------------------+-------+-------+-------++-------
Melee: Hand axe          |    70 |     1 |       ||    71
       Headbutt          |     6 |    13 |    23 ||    42
       War axe           |       |   100 |   142 ||   242
Invok: Berserk           |     2 |     4 |     8 ||    14
  Use: Scroll            |     5 |     5 |     9 ||    19
       Potion            |     2 |     4 |     1 ||     7
Armor: Animal skin       |     9 |       |       ||     9
       Ring mail         |     7 |       |       ||     7
       Scale mail        |       |    15 |       ||    15
       Chain mail        |       |    14 |    52 ||    66
Dodge: Dodged            |    57 |    33 |    47 ||   137
Block: Buckler           |       |     5 |    33 ||    38

Table legend:
 A = Non-vault XP
 B = Vault XP
 C = Vault XP percentage of total XP
 D = Non-vault monster count
 E = Vault monster count
 F = Vault count percentage of total count
                 A         B        C        D         E       F
            +---------+---------+-------+---------+---------+-------
      Total |    2498 |     643 |  20.5 |     124 |      19 |  13.3
            +---------+---------+-------+---------+---------+-------
        D:1 |      31 |      12 |  27.9 |      17 |       7 |  29.2
        D:2 |      37 |      22 |  37.3 |      13 |       4 |  23.5
        D:3 |      48 |       0 |   0.0 |      22 |       0 |   0.0
        D:4 |     357 |       0 |   0.0 |      20 |       0 |   0.0
        D:5 |     602 |     120 |  16.6 |      13 |       2 |  13.3
        D:6 |     749 |       0 |   0.0 |      19 |       0 |   0.0
        D:7 |     674 |     489 |  42.0 |      20 |       6 |  23.1
            +---------+---------+-------+---------+---------+-------
